 Dungeon Crawl Stone Soup version 0.25.1-2-g60ff931df9 (webtiles) character file.

Game seed: 9445575162973071822

249 protoss039 the Magician (level 5, -2/28 HPs)
             Began as a Deep Elf Earth Elementalist on July 29, 2020.
             Was an Initiate of Kikubaaqudgha.
             Slain by a wyvern skeleton (14 damage)
             ... on level 7 of the Dungeon.
             The game lasted 00:06:18 (3806 turns).

protoss039 the Magician (DEEE)                      Turns: 3806, Time: 00:06:21

Health: -2/28      AC:  2    Str:  5    XL:     5   Next: 86%
Magic:  6/15       EV: 13    Int: 21    God:    Kikubaaqudgha [......]
Gold:   204        SH:  0    Dex: 15    Spells: 5/15 levels left

rFire    . . .     SeeInvis .   g - +0 short sword
rCold    . . .     Gourm    .   (no shield)
rNeg     + . .     Faith    .   c - +0 robe
rPois    .         Spirit   .   (no helmet)
rElec    .         Reflect  .   i - scarf {repulsion}
rCorr    .         Harm     .   (no gloves)
MR       .....                  (no boots)
Stlth    ++........             (no amulet)
HPRegen  0.09/turn              h - ring of positive energy
MPRegen  0.14/turn              (no ring)

@: repel missiles
A: no striking features
a: Renounce Religion


You were on level 7 of the Dungeon.
You worshipped Kikubaaqudgha.
Kikubaaqudgha was noncommittal.
You were not hungry.

You visited 1 branch of the dungeon, and saw 5 of its levels.

You collected 204 gold pieces.

Inventory:

Hand Weapons
 g - a +0 short sword (weapon)
Missiles
 b - 8 stones (quivered)
Armour
 c - a +0 robe (worn)
 i - a scarf of repulsion (worn)
Jewellery
 h - a ring of positive energy (left hand)
 n - an uncursed ring of positive energy
 o - an uncursed ring of magical power {unknown}
Wands
 t - a wand of random effects (8)
Scrolls
 a - a scroll of enchant armour
 k - 2 scrolls of remove curse {unknown}
 m - 2 scrolls of teleportation
 u - a scroll of fog
 v - a scroll of fear {unknown}
Potions
 e - 2 potions of cancellation {unknown}
 f - a potion of flight {unknown}
 l - 2 potions of ambrosia {unknown}
 q - a potion of heal wounds {unknown}
 s - 2 potions of curing {unknown}
 w - a potion of haste {unknown}
Comestibles
 d - 12 rations
 p - a chunk of flesh


   Skills:
 - Level 0.3 Short Blades
 - Level 3.0 Dodging
 - Level 3.0 Stealth
 + Level 5.6 Spellcasting
 - Level 2.0 Necromancy
 + Level 1.1 Transmutations
 + Level 5.1 Earth Magic


You had 5 spell levels left.
You knew the following spells:

 Your Spells              Type           Power        Failure   Level  Hunger
a - Sandblast             Erth           ####..       1%          1    None
b - Passwall              Tmut/Erth      ###.....     4%          2    None
c - Stone Arrow           Conj/Erth      ###...       11%         3    ##.....
d - Petrify               Tmut/Erth      ###.....     28%         4    ####...

Your spell library contained the following spells:

 Spells                   Type           Power        Failure   Level  Hunger
 Lee's Rapid Deconstruct  Erth           ####......   32%         5    #####..


Dungeon Overview and Level Annotations

Branches:
Dungeon (4/15)             Temple (0/1) D:4

Altars:
Dithmenos
Elyvilon
Hepliaklqana
Kikubaaqudgha
Nemelex Xobeh
Qazlal
Trog
Vehumet
Xom
Yredelemnul
The Shining One


Message History

Aiming: Sandblast (safe; 1% risk of failure)
Press: ? - help, Shift-Dir - straight line, f/p - bullfrog
Aim: a bullfrog (heavily wounded)
The blast of sand hits the bullfrog!
You kill the bullfrog!
Kikubaaqudgha accepts your kill.
Your Earth Magic skill increases to level 5!
b - 9 stones
Casting: Sandblast (safe; 1% risk of failure)
Confirm with . or Enter, or press ? or * to list all spells.
Aiming: Sandblast (safe; 1% risk of failure)
Press: ? - help, Shift-Dir - straight line, f - wyvern skeleton
Aim: a wyvern skeleton The blast of sand hits the wyvern skeleton!!
The wyvern skeleton is heavily damaged.
b - 8 stones The wyvern skeleton bites you!
Ouch! That really hurt!
You die...
Kikubaaqudgha rasps: "You have failed me!
Welcome... death!"

... #.......#
...##.$.....#
.........#..#
............#
........#...#
.##.........#
....$....#>#
#########Z#.#
........@.#.#
#####.........#
#.............#
#.###........##
#.# #........#
#.# #........#
#.############
#......#
######.#


You could see a wyvern skeleton.

Vanquished Creatures
  A bullfrog (D:7)
  A crimson imp (D:7)
  A hound (D:4)
  A jelly (D:7)
  A worker ant (D:4)
  An adder (D:2)
  A shadow imp (D:7)
  A worm (D:3)
  A leopard gecko (D:1)
  A ball python (D:2)
  3 giant cockroaches
  6 goblins
  6 hobgoblins
  6 jackals
  A quokka (D:2)
  8 bats
  4 frilled lizards
  3 kobolds
  A leopard gecko skeleton (D:4)
  3 rats
51 creatures vanquished.

Vanquished Creatures (others)
  A plant (D:4)
1 creature vanquished.

Grand Total: 52 creatures vanquished

Notes
Turn   | Place    | Note
-------+----------+-------------------------------------------
     0 | D:1      | protoss039 the Deep Elf Earth Elementalist began the quest
                  | for the Orb.
     0 | D:1      | Reached XP level 1. HP: 10/10 MP: 6/6
   210 | D:1      | Reached XP level 2. HP: 4/15 MP: 0/8
  1907 | D:2      | Reached XP level 3. HP: 19/19 MP: 10/10
  2459 | D:3      | Found a radiant altar of Vehumet.
  2460 | D:3      | Found a shimmering altar of Xom.
  2470 | D:3      | Found a glowing golden altar of the Shining One.
  2472 | D:3      | Found an ancient bone altar of Kikubaaqudgha.
  2474 | D:3      | Found a basalt altar of Yredelemnul.
  2474 | D:3      | Found a white marble altar of Elyvilon.
  2474 | D:3      | Found a stormy altar of Qazlal.
  2475 | D:3      | Found a bloodstained altar of Trog.
  2476 | D:3      | Found a sparkling altar of Nemelex Xobeh.
  2477 | D:3      | Found a shadowy altar of Dithmenos.
  2479 | D:3      | Found a hazy altar of Hepliaklqana.
  2515 | D:3      | Became a worshipper of Kikubaaqudgha
  3399 | D:4      | Reached skill level 1 in Necromancy
  3399 | D:4      | Reached XP level 4. HP: 20/24 MP: 8/12
  3587 | D:4      | Found a staircase to the Ecumenical Temple.
  3708 | D:4      | You fall into a shaft and drop 3 floors!
  3745 | D:7      | Reached XP level 5. HP: 26/28 MP: 11/14
  3769 | D:7      | Learned a level 2 spell: Passwall
  3773 | D:7      | Learned a level 3 spell: Stone Arrow
  3778 | D:7      | Learned a level 4 spell: Petrify
  3799 | D:7      | Reached skill level 5 in Spellcasting
  3805 | D:7      | Reached skill level 5 in Earth Magic
  3806 | D:7      | Slain by a wyvern skeleton

Illustrated notes

Levels and vault maps discovered:
D:1:      lightli_arrival_chessboard, layout_loops_corners, nrook_campfire
D:2:      layout_loops_cross, first_ration, minmay_tetromino_s2
D:3:      layout_loops_corners, minitemple, grunt_ministairs_10,
          kennysheep_decorative_pillar, serial_bayou_crossing
D:4:      layout_loops_cross, minmay_temple_entry_mini_moons, serial_shops,
          nicolae_shop_window_shopping, kennysheep_boxes
D:7:      layout_basic

Skill      XL: |  1  2  3  4  5 |
---------------+----------------+-----
Dodging        | 3 |  3.0
Stealth        | 3 |  3.0
Earth Magic    | 4 5 |  5.1
Spellcasting   | 4 5 |  5.6
Necromancy     | 1 2 |  2.0
Short Blades   | |  0.3
Transmutations | |  1.1

Action                   |  1- 3 |  4- 6 || total
-------------------------+-------+-------++-------
Melee: Short sword       |    57 |     7 ||    64
       Unarmed           |     2 |       ||     2
 Cast: Sandblast         |    44 |    15 ||    59
  Use: Scroll            |       |     4 ||     4
 Stab: Sleeping          |     9 |       ||     9
  Eat: Chunk             |     7 |     2 ||     9
Armor: Robe              |    16 |     2 ||    18
Dodge: Dodged            |    65 |    11 ||    76
